[Event "January 9 Early 2024"]
[Site "https://www.chess.com"]
[Date "2024.01.11"]
[Round "4"]
[White "Haldorsen, Benjamin"]
[Black "De Pablo Pena, Miguel Angel"]
[Result "1-0"]
[Board "2"]
[TimeControl "180+1"]
[WhiteFideId "1512633"]
[BlackFideId "2219123"]
[WhiteElo "2428"]
[BlackElo "2169"]
[WhiteTeam "NOR"]
[BlackTeam "ESP"]
[WhiteClock "0:02:41"]
[BlackClock "0:02:02"]

1. b3 e5 2. Bb2 d6 3. e3 Nc6 4. Bb5 Nf6 5. Nf3 g6 6. d4 exd4 7. Nxd4 Bd7 8. Nxc6 Bxc6 9. Bxc6+ bxc6 10. Qf3 Bg7 11. Qxc6+ Kf8 12. O-O Rb8 13. Nd2 Rb6 14. Qa4 Qb8 15. c4 Nd7 16. Bxg7+ Kxg7 17. Qxd7 1-0

[Event "January 9 Early 2024"]
[Site "https://www.chess.com"]
[Date "2024.01.11"]
[Round "4"]
[White "Rustemov, Alexander"]
[Black "Paravyan, David"]
[Result "1/2-1/2"]
[Board "3"]
[TimeControl "180+1"]
[WhiteFideId "4119002"]
[BlackFideId "4194985"]
[WhiteElo "2807"]
[BlackElo "3007"]
[WhiteTeam "RUS"]
[BlackTeam "FID"]
[WhiteClock "0:02:07"]
[BlackClock "0:02:49"]

1. d4 d5 2. c4 dxc4 3. Nf3 Nf6 4. e3 e6 5. Bxc4 c5 6. O-O Nc6 7. dxc5 Qxd1 8. Rxd1 Bxc5 9. a3 a6 10. b4 Be7 11. Bb2 b5 12. Be2 Bb7 13. Nbd2 O-O 14. Nb3 a5 15. Bxb5 axb4 16. axb4 Nxb4 17. Rxa8 Rxa8 18. Ra1 Rxa1+ 19. Bxa1 Ne4 20. Nbd2 Nxd2 21. Nxd2 Nd5 22. Nf3 Bf6 23. Bxf6 Nxf6 24. Be2 Bxf3 25. Bxf3 g6 26. g3 Kg7 27. h4 h6 28. Kg2 g5 29. hxg5 hxg5 30. Be2 Ne8 1/2-1/2

[Event "January 9 Early 2024"]
[Site "https://www.chess.com"]
[Date "2024.01.11"]
[Round "4"]
[White "Urbina Perez, Juan Antonio"]
[Black "Kiselev, Pavel"]
[Result "1-0"]
[Board "4"]
[TimeControl "180+1"]
[WhiteFideId "2217368"]
[BlackFideId "4191102"]
[WhiteElo "2530"]
[BlackElo "2366"]
[WhiteTeam "ESP"]
[BlackTeam "RUS"]
[WhiteClock "0:02:15"]
[BlackClock "0:02:11"]

1. e4 c5 2. Nf3 Nc6 3. Bb5 g6 4. Bxc6 dxc6 5. d3 Qc7 6. Nc3 Bg7 7. Be3 b6 8. Qd2 e5 9. h3 Ne7 10. Bh6 O-O 11. Bxg7 Kxg7 12. O-O-O f5 13. exf5 Nxf5 14. Ne4 Be6 15. Kb1 Rad8 16. h4 c4 17. h5 cxd3 18. cxd3 Bd5 19. hxg6 hxg6 20. Neg5 Rh8 21. Qc3 Bxf3 22. Ne6+ 1-0

[Event "January 9 Early 2024"]
[Site "https://www.chess.com"]
[Date "2024.01.11"]
[Round "4"]
[White "Krutko, Anatoly"]
[Black "Yeremyan, Alen"]
[Result "0-1"]
[Board "5"]
[TimeControl "180+1"]
[WhiteFideId "4185862"]
[BlackFideId "13308998"]
[WhiteElo "2554"]
[BlackElo "2773"]
[WhiteTeam "RUS"]
[BlackTeam "ARM"]
[WhiteClock "0:02:02"]
[BlackClock "0:02:38"]

1. e4 Nf6 2. Nc3 d5 3. d4 dxe4 4. Bg5 Bf5 5. Qe2 e6 6. O-O-O Be7 7. Bxf6 Bxf6 8. Nxe4 Bxe4 9. Qxe4 c6 10. Nf3 Nd7 11. Bd3 Qc7 12. Rhe1 O-O-O 13. Kb1 Kb8 14. Ne5 Bxe5 15. dxe5 Nc5 16. Qe3 Qb6 17. Ka1 a5 18. Be2 Ka7 19. Rd6 Rxd6 20. exd6 Rd8 21. Rd1 Na4 22. Qa3 Qb4 23. Qe3+ Ka8 24. Qc1 Rxd6 25. Rxd6 Qxd6 26. Bd3 Qxh2 27. b3 Qe5+ 28. Kb1 Nc3+ 29. Kb2 Ne2+ 30. Kb1 Nxc1 0-1

[Event "January 9 Early 2024"]
[Site "https://www.chess.com"]
[Date "2024.01.11"]
[Round "4"]
[White "Kleiman, Jake"]
[Black "Bharath Subramaniyam H"]
[Result "0-1"]
[Board "6"]
[TimeControl "180+1"]
[WhiteFideId "2020041"]
[BlackFideId "46634827"]
[WhiteElo "2633"]
[BlackElo "2955"]
[WhiteTeam "USA"]
[BlackTeam "IND"]
[WhiteClock "0:01:32"]
[BlackClock "0:02:44"]

1. e4 c6 2. Nc3 d5 3. Nf3 Bg4 4. h3 Bxf3 5. Qxf3 e6 6. a3 Bc5 7. g3 Nd7 8. Bg2 d4 9. Nb1 Ne5 10. Qd1 d3 11. c3 h5 12. f4 Qf6 13. b4 Bb6 14. Rf1 Qg6 15. g4 hxg4 16. h4 Qf6 17. Qb3 Qxh4+ 18. Kd1 Qg3 19. Bh1 Rxh1 20. Rxh1 Qf3+ 21. Ke1 Qxh1# 0-1

[Event "January 9 Early 2024"]
[Site "https://www.chess.com"]
[Date "2024.01.11"]
[Round "4"]
[White "Rees, Ioan"]
[Black "Michalski, Olaf"]
[Result "1-0"]
[Board "7"]
[TimeControl "180+1"]
[WhiteFideId "1801236"]
[BlackFideId "1106740"]
[WhiteElo "2392"]
[BlackElo "2152"]
[WhiteTeam "WLS"]
[BlackTeam "POL"]
[WhiteClock "0:02:26"]
[BlackClock "0:01:48"]

1. e4 c5 2. c3 d5 3. exd5 Qxd5 4. Nf3 Nc6 5. Na3 Bg4 6. Be2 e5 7. d3 Nf6 8. Nc4 Qd7 9. Nfxe5 Qe6 10. Bxg4 Nxg4 11. Qxg4 1-0

[Event "January 9 Early 2024"]
[Site "https://www.chess.com"]
[Date "2024.01.11"]
[Round "4"]
[White "Lysyj, Igor"]
[Black "Espinoza Villanueva, Rodrigo"]
[Result "1-0"]
[Board "8"]
[TimeControl "180+1"]
[WhiteFideId "4150120"]
[BlackFideId "5140188"]
[WhiteElo "2862"]
[BlackElo "2608"]
[WhiteTeam "FID"]
[BlackTeam "MEX"]
[WhiteClock "0:02:03"]
[BlackClock "0:02:09"]

1. d4 Nf6 2. c4 e6 3. Nf3 Bb4+ 4. Bd2 Be7 5. g3 d5 6. Bg2 O-O 7. O-O Ne4 8. Bf4 f5 9. Qc2 c6 10. Nc3 Nd7 11. Rad1 Ndf6 12. Ne5 g5 13. Bc1 Bd7 14. Nxe4 Nxe4 15. Qb3 Bc8 16. cxd5 exd5 17. f3 Nd6 18. e4 fxe4 19. fxe4 Be6 20. exd5 Bxd5 21. Bxd5+ cxd5 22. Qxd5+ Kg7 23. Rxf8 Bxf8 24. Rf1 Qe7 25. Ng4 Rd8 26. Bxg5 1-0

[Event "January 9 Early 2024"]
[Site "https://www.chess.com"]
[Date "2024.01.11"]
[Round "4"]
[White "Smirnov, Timofey"]
[Black "Silvestre, Christian"]
[Result "1-0"]
[Board "9"]
[TimeControl "180+1"]
[WhiteFideId "24176427"]
[BlackFideId "30956269"]
[WhiteElo "2006"]
[BlackElo "2273"]
[WhiteTeam "RUS"]
[BlackTeam "USA"]
[WhiteClock "0:02:04"]
[BlackClock "0:02:21"]

1. d4 e5 2. dxe5 Nc6 3. Nf3 Qe7 4. Bf4 Qb4+ 5. Bd2 Qxb2 6. Nc3 Bb4 7. Rb1 Qxc3 8. Bxc3 Bxc3+ 9. Nd2 Nxe5 10. e3 Nf6 11. Bd3 O-O 12. O-O d5 13. Nf3 Bg4 14. Be2 Nxf3+ 15. Bxf3 Bxf3 16. Qxf3 b6 17. e4 Nxe4 18. Rfd1 Nd2 19. Qxc3 Nxb1 20. Rxb1 c5 21. Re1 d4 22. Qc4 1-0

[Event "January 9 Early 2024"]
[Site "https://www.chess.com"]
[Date "2024.01.11"]
[Round "4"]
[White "Iturrizaga Bonelli, Eduardo"]
[Black "Pichot, Alan"]
[Result "1/2-1/2"]
[Board "10"]
[TimeControl "180+1"]
[WhiteFideId "3901211"]
[BlackFideId "110973"]
[WhiteElo "2987"]
[BlackElo "2828"]
[WhiteTeam "ESP"]
[BlackTeam "ESP"]
[WhiteClock "0:02:01"]
[BlackClock "0:02:28"]

1. c4 e5 2. Nc3 Nf6 3. Nf3 Nc6 4. a3 d6 5. g3 Ne7 6. d3 Nd7 7. Nd2 Ng8 8. Nce4 Nb8 9. Nb1 Na6 10. Ng5 Ne7 11. Nf3 Nc6 12. Ng1 Ncb8 13. Nc3 Nc5 14. Nf3 Ncd7 15. Ne4 Nc6 16. Ned2 Nf6 17. Nb1 Ng8 18. Ng1 Nb8 19. Nc3 Ne7 20. Nf3 Nec6 21. Ng5 Nd7 22. Nh3 Nf6 23. Na2 Ng8 24. Ng1 Nb8 25. Nc3 Ne7 26. Nb1 Nec6 27. Nf3 Nd7 28. Nbd2 Nf6 29. Ng5 Ng8 30. Nh3 Nb8 31. Ng1 Ne7 32. Nb1 Nec6 33. Nc3 Nd7 34. Nf3 Nf6 35. Ng5 Ng8 36. Nh3 Nb8 37. Ng1 1/2-1/2

[Event "January 9 Early 2024"]
[Site "https://www.chess.com"]
[Date "2024.01.11"]
[Round "4"]
[White "Hernandez Santos, David Ale"]
[Black "Piscicelli, Daniel Orlando"]
[Result "1-0"]
[Board "11"]
[TimeControl "180+1"]
[WhiteFideId "5132002"]
[BlackFideId "101958"]
[WhiteElo "2001"]
[BlackElo "2259"]
[WhiteTeam "MEX"]
[BlackTeam "ARG"]
[WhiteClock "0:02:10"]
[BlackClock "0:01:46"]

1. d4 Nf6 2. Nc3 g6 3. Bf4 Bg7 4. e3 O-O 5. h4 d5 6. h5 Nxh5 7. Rxh5 gxh5 8. Qxh5 e6 9. Bd3 h6 10. Nf3 Qf6 11. Bg5 Nd7 12. Bxf6 Nxf6 13. Qh2 Bd7 14. O-O-O a5 15. Ne5 a4 16. g4 a3 17. b3 Nh7 18. Bxh7+ Kxh7 19. Nxd7 1-0

[Event "January 9 Early 2024"]
[Site "https://www.chess.com"]
[Date "2024.01.11"]
[Round "4"]
[White "Cuenca Jimenez, Jose Fernando"]
[Black "Urquhart, Ed"]
[Result "1-0"]
[Board "12"]
[TimeControl "180+1"]
[WhiteFideId "2255570"]
[BlackFideId "2603748"]
[WhiteElo "2688"]
[BlackElo "2447"]
[WhiteTeam "ESP"]
[BlackTeam "CAN"]
[WhiteClock "0:02:01"]
[BlackClock "0:01:37"]

1. d4 Nf6 2. Bf4 g6 3. Nc3 Bg7 4. e4 d6 5. Qd2 h6 6. f3 c6 7. O-O-O Na6 8. Kb1 Qa5 9. h4 Be6 10. g4 b5 11. b3 Nb4 12. Nge2 a6 13. Nc1 Qb6 14. a3 Nxc2 15. Qxc2 b4 16. Na4 Qa5 17. Qxc6+ 1-0

[Event "January 9 Early 2024"]
[Site "https://www.chess.com"]
[Date "2024.01.11"]
[Round "4"]
[White "Kekic, Armin"]
[Black "Feliz Dotel, Dewar Bienvenido"]
[Result "1/2-1/2"]
[Board "18"]
[TimeControl "180+1"]
[WhiteFideId "14401274"]
[BlackFideId "6402801"]
[WhiteElo "2334"]
[BlackElo "2155"]
[WhiteTeam "BIH"]
[BlackTeam "DOM"]
[WhiteClock "0:01:57"]
[BlackClock "0:02:14"]

1. e4 c5 2. Nf3 g6 3. d4 cxd4 4. Nxd4 Nc6 5. Be3 Nf6 6. Nc3 Bg7 7. f3 O-O 8. Qd2 d5 9. Nxc6 bxc6 10. exd5 Nxd5 11. Bd4 Nxc3 12. Bxc3 Qxd2+ 13. Kxd2 Rd8+ 14. Bd3 Bf5 15. Bxg7 Bxd3 16. cxd3 Kxg7 17. Rac1 Rab8 18. b3 Rd6 19. Rhe1 e6 20. Rc3 Rb5 21. Rec1 Ra5 22. a4 Rad5 23. Ke2 h5 24. R1c2 Re5+ 25. Kf2 Red5 26. Ke2 Re5+ 27. Kf2 Red5 28. Ke2 1/2-1/2

[Event "January 9 Early 2024"]
[Site "https://www.chess.com"]
[Date "2024.01.11"]
[Round "4"]
[White "Srihari L R"]
[Black "Chernomordik, Pavel"]
[Result "1-0"]
[Board "19"]
[TimeControl "180+1"]
[WhiteFideId "46617116"]
[BlackFideId "2804530"]
[WhiteElo "2680"]
[BlackElo "2442"]
[WhiteTeam "IND"]
[BlackTeam "ISR"]
[WhiteClock "0:02:15"]
[BlackClock "0:01:43"]

1. c4 g6 2. Nf3 Bg7 3. g3 e5 4. Nc3 Nc6 5. Bg2 d6 6. O-O Be6 7. d3 h6 8. Rb1 Qd7 9. Nd5 Nge7 10. e4 O-O 11. Bxh6 Nxd5 12. Bxg7 Nc3 13. bxc3 Kxg7 14. Rxb7 Rh8 15. h4 Nd8 16. Rb1 f6 17. Nd2 g5 18. hxg5 fxg5 19. f4 Bh3 20. f5 Nf7 21. Bxh3 Rxh3 22. Qg4 Rah8 23. f6+ 1-0

[Event "January 9 Early 2024"]
[Site "https://www.chess.com"]
[Date "2024.01.11"]
[Round "4"]
[White "Novik, Maxim"]
[Black "Martin Fuentes, Alberto"]
[Result "1-0"]
[Board "20"]
[TimeControl "180+1"]
[WhiteFideId "4102924"]
[BlackFideId "2292289"]
[WhiteElo "2487"]
[BlackElo "2621"]
[WhiteTeam "LTU"]
[BlackTeam "ESP"]
[WhiteClock "0:01:39"]
[BlackClock "0:02:00"]

1. e4 e6 2. d4 d5 3. e5 c5 4. c3 Qb6 5. Nf3 Bd7 6. Be2 Bb5 7. dxc5 Bxc5 8. O-O Bxe2 9. Qxe2 Nc6 10. b4 Bf8 11. a4 Nge7 12. a5 Qc7 13. a6 b6 14. Na3 Ng6 15. Nb5 Qd7 16. g3 Ncxe5 17. Nxe5 Nxe5 18. Bf4 f6 19. Bxe5 fxe5 20. Qh5+ g6 21. Qxe5 Bg7 22. Nc7+ Ke7 23. Qxg7+ 1-0

[Event "January 9 Early 2024"]
[Site "https://www.chess.com"]
[Date "2024.01.11"]
[Round "4"]
[White "Acosta Cruz, Oscar Yosimar"]
[Black "Aukhatov, Roman"]
[Result "0-1"]
[Board "21"]
[TimeControl "180+1"]
[WhiteFideId "5111269"]
[BlackFideId "44150768"]
[WhiteElo "2182"]
[BlackElo "2454"]
[WhiteTeam "MEX"]
[BlackTeam "RUS"]
[WhiteClock "0:02:06"]
[BlackClock "0:01:53"]

1. e4 e5 2. Nf3 Nc6 3. d4 exd4 4. Bc4 Bc5 5. c3 Nf6 6. e5 d5 7. Bb5 Ne4 8. Nxd4 Bd7 9. Bxc6 bxc6 10. O-O O-O 11. f3 Ng5 12. f4 Ne4 13. Nd2 Nxd2 14. Bxd2 f6 15. e6 Bxe6 16. f5 Bd7 17. Kh1 Bd6 18. Qg4 Qe8 19. Rae1 Qf7 20. Ne6 Rfe8 21. Bh6 Bxe6 22. fxe6 Qg6 23. Qg5 fxg5 0-1

[Event "January 9 Early 2024"]
[Site "https://www.chess.com"]
[Date "2024.01.11"]
[Round "4"]
[White "Skuhala, Barbara"]
[Black "Shevchuk, Olexandr"]
[Result "0-1"]
[Board "22"]
[TimeControl "180+1"]
[WhiteFideId "14605465"]
[BlackFideId "14113775"]
[WhiteElo "2287"]
[BlackElo "2500"]
[WhiteTeam "SLO"]
[BlackTeam "UKR"]
[WhiteClock "0:00:09"]
[BlackClock "0:02:52"]

1. e4 e6 2. d4 d5 3. Nc3 Bb4 4. e5 Ne7 5. Qg4 c5 6. a3 Qa5 7. Bd2 cxd4 8. Qxd4 Nbc6 9. Qg4 d4 10. Ne4 Bxd2+ 0-1

[Event "January 9 Early 2024"]
[Site "https://www.chess.com"]
[Date "2024.01.11"]
[Round "4"]
[White "Pandey Srishti"]
[Black "Akobian, Varuzhan"]
[Result "0-1"]
[Board "23"]
[TimeControl "180+1"]
[WhiteFideId "35093290"]
[BlackFideId "13300580"]
[WhiteElo "2471"]
[BlackElo "2668"]
[WhiteTeam "IND"]
[BlackTeam "USA"]
[WhiteClock "0:00:51"]
[BlackClock "0:02:14"]

1. e4 d6 2. d4 Nf6 3. Nc3 c6 4. f4 Qa5 5. Bd3 e5 6. Nf3 exd4 7. Nxd4 Qb6 8. Nf3 g6 9. Qe2 Bg7 10. e5 dxe5 11. Qxe5+ Be6 12. Qd6 Nbd7 13. Ng5 O-O-O 14. Nxe6 fxe6 15. Qa3 Nc5 16. Bc4 Nd5 17. Bd2 Nxc3 18. Bxc3 Ne4 19. Bxe6+ Kb8 20. Bxg7 0-1

[Event "January 9 Early 2024"]
[Site "https://www.chess.com"]
[Date "2024.01.11"]
[Round "4"]
[White "Lund, Gunnar"]
[Black "Nikologorsky, Matfei"]
[Result "1-0"]
[Board "24"]
[TimeControl "180+1"]
[WhiteFideId "1520814"]
[BlackFideId "24102474"]
[WhiteElo "2657"]
[BlackElo "2469"]
[WhiteTeam "NOR"]
[BlackTeam "FID"]
[WhiteClock "0:01:49"]
[BlackClock "0:01:11"]

1. d4 Nf6 2. c4 e6 3. Nf3 b6 4. g3 Bb7 5. Bg2 d6 6. O-O Nbd7 7. Nc3 g6 8. Qc2 Bg7 9. e4 O-O 10. Be3 a6 11. Rad1 Qe7 12. Rfe1 e5 13. h3 Rfc8 14. Kh2 b5 15. dxe5 dxe5 16. Nd5 Qe8 17. c5 h6 18. c6 Bxc6 19. Qxc6 Nxe4 20. Nxc7 Ndf6 21. Qxe8+ Nxe8 22. Nxa8 1-0

[Event "January 9 Early 2024"]
[Site "https://www.chess.com"]
[Date "2024.01.11"]
[Round "4"]
[White "Kanyamarala, Trisha"]
[Black "Sultanbek, Zeinep"]
[Result "1-0"]
[Board "25"]
[TimeControl "180+1"]
[WhiteFideId "45004722"]
[BlackFideId "13710419"]
[WhiteElo "2509"]
[BlackElo "2312"]
[WhiteTeam "IRL"]
[BlackTeam "KAZ"]
[WhiteClock "0:01:33"]
[BlackClock "0:01:22"]

1. c4 e6 2. Nc3 d5 3. e3 Nf6 4. b3 b6 5. Bb2 Bb7 6. Nf3 Nbd7 7. g3 c5 8. cxd5 Nxd5 9. Bg2 Nb4 10. O-O Ba6 11. d4 Bxf1 12. Qxf1 cxd4 13. Nxd4 Rc8 14. a3 e5 15. Nf5 Nc2 16. Rd1 Bxa3 17. Bxa3 Nxa3 18. Nd6+ Kf8 19. Nxc8 Qxc8 20. Qd3 Nf6 21. Qd6+ 1-0

[Event "January 9 Early 2024"]
[Site "https://www.chess.com"]
[Date "2024.01.11"]
[Round "4"]
[White "Bonin, Jay"]
[Black "Senft, Sean"]
[Result "1-0"]
[Board "26"]
[TimeControl "180+1"]
[WhiteFideId "2000644"]
[BlackFideId "2044960"]
[WhiteElo "2336"]
[BlackElo "2540"]
[WhiteTeam "USA"]
[BlackTeam "USA"]
[WhiteClock "0:01:18"]
[BlackClock "0:01:53"]

1. d4 d5 2. Nf3 Nf6 3. c4 c6 4. Qb3 g6 5. Nc3 Bg7 6. Bf4 O-O 7. e3 Ne4 8. cxd5 Nxc3 9. bxc3 cxd5 10. Bd3 Nc6 11. O-O a6 12. Rab1 b5 13. a4 Na5 14. Qb4 Bg4 15. Ne5 Bf5 16. Bxf5 gxf5 17. axb5 axb5 18. Qxb5 Bxe5 19. Bxe5 Nc4 20. Ra1 Rb8 21. Bxb8 Qxb8 22. Qxb8 Rxb8 23. Rfb1 Rc8 24. Ra7 Nd2 25. Rbb7 Rxc3 26. g3 e5 27. Rxf7 Nf3+ 28. Kg2 e4 29. Rg7+ Kf8 30. Rxh7 Kg8 31. Rhb7 Rc8 32. h4 1-0

[Event "January 9 Early 2024"]
[Site "https://www.chess.com"]
[Date "2024.01.11"]
[Round "4"]
[White "Gubajdullin, Alexei"]
[Black "Santos Latasa, Jaime"]
[Result "1-0"]
[Board "27"]
[TimeControl "180+1"]
[WhiteFideId "4141202"]
[BlackFideId "2293307"]
[WhiteElo "2639"]
[BlackElo "2900"]
[WhiteTeam "RUS"]
[BlackTeam "ESP"]
[WhiteClock "0:01:59"]
[BlackClock "0:01:11"]

1. d4 Nf6 2. Nf3 g6 3. Bf4 Bg7 4. e3 d6 5. Be2 O-O 6. O-O Nh5 7. Bg5 h6 8. Bh4 g5 9. Nfd2 Nf4 10. exf4 gxh4 11. c3 h3 12. g3 c5 13. dxc5 dxc5 14. Bg4 Qd5 15. Qf3 Qxf3 16. Bxf3 Rd8 17. Nc4 Nc6 18. a4 Bf5 19. Nba3 Rd7 20. Rfd1 Rad8 21. Rxd7 Rxd7 22. Rd1 Rxd1+ 23. Bxd1 Bd3 24. Bf3 Kf8 25. Bg4 a6 26. a5 e6 27. Bxh3 Bf6 28. Bg2 Ke7 29. Bxc6 bxc6 30. Ne5 Be4 31. f3 Bd5 32. Kf2 1-0

[Event "January 9 Early 2024"]
[Site "https://www.chess.com"]
[Date "2024.01.11"]
[Round "4"]
[White "Haring, Filip"]
[Black "Karavade, Eesha"]
[Result "1-0"]
[Board "28"]
[TimeControl "180+1"]
[WhiteFideId "14933080"]
[BlackFideId "5012600"]
[WhiteElo "2707"]
[BlackElo "2486"]
[WhiteTeam "SVK"]
[BlackTeam "IND"]
[WhiteClock "0:01:23"]
[BlackClock "0:01:27"]

1. Nf3 d5 2. c4 d4 3. b4 f6 4. e3 e5 5. c5 a5 6. Qa4+ Bd7 7. b5 Bxc5 8. Bc4 Nh6 9. exd4 exd4 10. O-O Nf7 11. Bxf7+ Kxf7 12. Qc4+ Be6 13. Qxc5 d3 14. Nc3 Nd7 15. Qe3 Nb6 16. Qf4 Re8 17. Ng5+ Kg8 18. Nxe6 Rxe6 19. Ba3 Qd7 20. Rae1 Rae8 21. Re3 Rxe3 22. fxe3 h6 23. Bc5 Re5 24. Bxb6 cxb6 25. a4 1-0

[Event "January 9 Early 2024"]
[Site "https://www.chess.com"]
[Date "2024.01.11"]
[Round "4"]
[White "Domingo Nunez, Alejandro"]
[Black "Gutierrez Olivares, Daniel"]
[Result "1-0"]
[Board "29"]
[TimeControl "180+1"]
[WhiteFideId "22245561"]
[BlackFideId "2264005"]
[WhiteElo "2698"]
[BlackElo "2471"]
[WhiteTeam "ESP"]
[BlackTeam "ESP"]
[WhiteClock "0:01:45"]
[BlackClock "0:00:46"]

1. Nf3 e6 2. e4 d5 3. Nc3 Nf6 4. e5 Nfd7 5. d4 c5 6. dxc5 Nc6 7. Bf4 Nxc5 8. Bd3 Be7 9. h4 b6 10. h5 Nb4 11. Rh3 Nbxd3+ 12. cxd3 Ba6 13. Nd4 Bg5 14. Nc6 Qd7 15. Bxg5 Qxc6 16. Rc1 d4 17. Ne4 Qd5 18. Nxc5 Qxe5+ 19. Ne4 f5 20. Qa4+ Bb5 21. Qxb5+ 1-0

[Event "January 9 Early 2024"]
[Site "https://www.chess.com"]
[Date "2024.01.11"]
[Round "4"]
[White "Levitan, Tal"]
[Black "Santiago, Yago De Moura"]
[Result "0-1"]
[Board "30"]
[TimeControl "180+1"]
[WhiteFideId "2804603"]
[BlackFideId "2103877"]
[WhiteElo "2515"]
[BlackElo "2798"]
[WhiteTeam "ISR"]
[BlackTeam "BRA"]
[WhiteClock "0:00:37"]
[BlackClock "0:02:16"]

1. e4 e6 2. d4 d5 3. exd5 exd5 4. Nf3 Nf6 5. Bd3 c5 6. O-O c4 7. Re1+ Be7 8. Bf1 O-O 9. b3 cxb3 10. axb3 Nc6 11. Ne5 Bf5 12. Bf4 Rc8 13. c4 a6 14. Nxc6 Rxc6 15. c5 Ne4 16. Nd2 Bf6 17. Nxe4 Bxe4 18. Bd3 Re8 19. b4 Bxd4 20. Bxe4 dxe4 21. Ra3 Qf6 22. Qd2 Rce6 23. Bg5 Bxf2+ 24. Qxf2 Qxg5 25. Rae3 Qd5 26. Rf1 Rf6 27. Qe2 Rxf1+ 28. Kxf1 h6 29. h3 f5 30. Rc3 Kh7 31. Kg1 Qd4+ 32. Kh2 Qxc3 0-1

[Event "January 9 Early 2024"]
[Site "https://www.chess.com"]
[Date "2024.01.11"]
[Round "4"]
[White "Panda Sambit"]
[Black "Parra Gomez, Adrian"]
[Result "0-1"]
[Board "31"]
[TimeControl "180+1"]
[WhiteFideId "25091794"]
[BlackFideId "3513106"]
[WhiteElo "2566"]
[BlackElo "2449"]
[WhiteTeam "IND"]
[BlackTeam "CUB"]
[WhiteClock "0:01:27"]
[BlackClock "0:01:13"]

1. d4 d5 2. c4 e6 3. Nc3 Nf6 4. Nf3 c5 5. cxd5 Nxd5 6. e3 cxd4 7. exd4 Nxc3 8. bxc3 Qc7 9. Bd2 Nd7 10. Bd3 Bd6 11. O-O b6 12. c4 Bb7 13. Qe2 O-O 14. h3 Rfd8 15. Rac1 Bf4 16. Bc3 Bxc1 17. Rxc1 h6 18. d5 exd5 19. Nh4 Qf4 20. Re1 Qxh4 21. cxd5 Bxd5 22. Bb1 Nf8 23. Ba1 Qg5 24. f3 Be6 25. Qb2 Rd2 0-1

[Event "January 9 Early 2024"]
[Site "https://www.chess.com"]
[Date "2024.01.11"]
[Round "4"]
[White "Koshulyan, Egor A."]
[Black "Mushini Ajay"]
[Result "1-0"]
[Board "32"]
[TimeControl "180+1"]
[WhiteFideId "24237000"]
[BlackFideId "35066188"]
[WhiteElo "2676"]
[BlackElo "2407"]
[WhiteTeam "RUS"]
[BlackTeam "IND"]
[WhiteClock "0:02:01"]
[BlackClock "0:00:22"]

1. e4 e6 2. d4 d5 3. e5 c5 4. c3 Nc6 5. Nf3 Qb6 6. Na3 cxd4 7. cxd4 Nh6 8. Nc2 Nf5 9. Bd3 Bd7 10. O-O Be7 11. Rb1 O-O 12. g4 Nh4 13. Nxh4 Bxh4 14. g5 f6 15. Qh5 g6 16. Bxg6 hxg6 17. Qxg6+ Kh8 18. exf6 Rg8 19. Qh6# 1-0

[Event "January 9 Early 2024"]
[Site "https://www.chess.com"]
[Date "2024.01.11"]
[Round "4"]
[White "Sharapov, Evgeny"]
[Black "Ozer, Omer Faruk"]
[Result "0-1"]
[Board "33"]
[TimeControl "180+1"]
[WhiteFideId "14103133"]
[BlackFideId "6354564"]
[WhiteElo "2532"]
[BlackElo "2728"]
[WhiteTeam "UKR"]
[BlackTeam "TUR"]
[WhiteClock "0:01:54"]
[BlackClock "0:01:10"]

1. e4 e5 2. Nf3 Nc6 3. Bb5 a6 4. Ba4 Nf6 5. d3 b5 6. Bb3 h6 7. O-O d6 8. c3 g6 9. Re1 Bg7 10. a4 Rb8 11. axb5 axb5 12. Nbd2 O-O 13. Nf1 Kh7 14. Ng3 Be6 15. Bxe6 fxe6 16. d4 Nd7 17. Be3 Ra8 18. Qd3 Rxa1 19. Rxa1 Qb8 20. d5 exd5 21. exd5 Ne7 22. Ne4 Qb7 23. Rd1 Ra8 24. b3 Qxd5 25. h4 Qxd3 26. Rxd3 Ra1+ 27. Kh2 d5 28. Nc5 e4 29. Nxe4 Ne5 30. Neg5+ hxg5 31. Nxg5+ Kg8 32. Rd2 Ng4+ 33. Kg3 Nxe3 34. fxe3 Bxc3 35. Rc2 b4 0-1

[Event "January 9 Early 2024"]
[Site "https://www.chess.com"]
[Date "2024.01.11"]
[Round "4"]
[White "Bueno, Alfeu Junior Varela"]
[Black "Eugene, Floryan"]
[Result "1-0"]
[Board "34"]
[TimeControl "180+1"]
[WhiteFideId "2108879"]
[BlackFideId "20694784"]
[WhiteElo "2413"]
[BlackElo "2575"]
[WhiteTeam "BRA"]
[BlackTeam "FRA"]
[WhiteClock "0:01:24"]
[BlackClock "0:01:10"]

1. e4 c5 2. Nc3 Nc6 3. f4 g6 4. Nf3 Bg7 5. Bb5 Nd4 6. O-O e6 7. d3 Ne7 8. Nxd4 cxd4 9. Ne2 O-O 10. Ba4 a6 11. Bb3 b5 12. Ng3 Bb7 13. f5 exf5 14. exf5 Nd5 15. Qf3 Ne3 16. Qxb7 Nxf1 17. Nxf1 gxf5 18. Ng3 Re8 19. Bd2 Qe7 20. Re1 Qd6 21. Nxf5 Rxe1+ 22. Bxe1 Qf8 23. Bb4 Qe8 24. Bxf7+ 1-0

[Event "January 9 Early 2024"]
[Site "https://www.chess.com"]
[Date "2024.01.11"]
[Round "4"]
[White "Madaminov, Mukhiddin"]
[Black "Trost, Edvin"]
[Result "0-1"]
[Board "35"]
[TimeControl "180+1"]
[WhiteFideId "14210703"]
[BlackFideId "1729519"]
[WhiteElo "2846"]
[BlackElo "2628"]
[WhiteTeam "UZB"]
[BlackTeam "SWE"]
[WhiteClock "0:00:45"]
[BlackClock "0:02:03"]

1. e4 e6 2. d4 d5 3. exd5 exd5 4. Nf3 Nc6 5. Nc3 Bb4 6. Bd3 Nge7 7. O-O Bg4 8. a3 Bxc3 9. bxc3 f6 10. h3 Bf5 11. Bxf5 Nxf5 12. Qd3 Qd7 13. Re1+ Kf7 14. c4 Rhe8 15. Rxe8 Rxe8 16. cxd5 Qxd5 17. c4 Qe4 18. Qxe4 Rxe4 19. Bb2 Ncxd4 20. Nxd4 Nxd4 21. f3 Ne2+ 22. Kf2 Rxc4 23. Bxf6 Kxf6 24. Kxe2 Rc2+ 25. Kf1 b5 26. Rb1 a6 27. a4 bxa4 28. Rb4 a3 29. Rf4+ Kg5 30. Rg4+ Kf5 31. Ra4 a2 0-1

[Event "January 9 Early 2024"]
[Site "https://www.chess.com"]
[Date "2024.01.11"]
[Round "4"]
[White "Ghosh, Chanchal Kumer"]
[Black "Azar, Sebastien"]
[Result "1-0"]
[Board "36"]
[TimeControl "180+1"]
[WhiteFideId "10201858"]
[BlackFideId "2640198"]
[WhiteElo "2069"]
[BlackElo "2420"]
[WhiteTeam "BAN"]
[BlackTeam "CAN"]
[WhiteClock "0:01:06"]
[BlackClock "0:01:21"]

1. e4 e5 2. Nf3 Nc6 3. Bc4 Bc5 4. c3 Nf6 5. d4 exd4 6. cxd4 Bb4+ 7. Nc3 Nxe4 8. O-O Bxc3 9. d5 Ne5 10. Qe2 Nxc4 11. Qxe4+ Ne5 12. bxc3 d6 13. Nxe5 dxe5 14. Qxe5+ Kf8 15. Re1 Bd7 16. d6 c6 17. Bg5 f6 18. Qg3 fxg5 19. Re7 Bf5 20. Qe5 1-0